Workbook

Sheet Budget
A1: HOUSEHOLD BUDGET SHEET
A3: Budget Month | B3: 46266 | D3: Monthly Income | E3: =SUMIF($D$8:$D$17,"Income",$I$8:$I$17) -> 0 | H3: Planned Expenses | I3: =SUMIF($D$8:$D$17,"Expense",$H$8:$H$17) -> 51000 | J3: Actual Expenses | K3: =SUMIF($D$8:$D$17,"Expense",$I$8:$I$17) -> 51000
A6: S.No. | B6: Date | C6: Category | D6: Type | E6: Description | F6: Payment Method | G6: Transaction ID | H6: Planned Amount | I6: Actual Amount | J6: Variance | K6: Status
A7: =ROW()-6 -> 1 | B7: 46266 | C7: Salary | D7: Income | E7: Monthly salary | F7: Bank Transfer | G7: xxxxxxxxxxxxx | H7: 60000 | I7: 60000 | J7: =IF(D7="Expense",H7-I7,I7-H7) -> 0 | K7: Received
A8: =ROW()-6 -> 2 | B8: 46267 | C8: Groceries | D8: Expense | E8: Monthly groceries | F8: UPI | G8: xxxxxxxxxxxxx | H8: 9000 | I8: 8750 | J8: =IF(D8="Expense",H8-I8,I8-H8) -> 250 | K8: Paid
A9: =ROW()-6 -> 3 | B9: 46268 | C9: Rent | D9: Expense | E9: House rent | F9: Bank Transfer | G9: xxxxxxxxxxxxx | H9: 12000 | I9: 12000 | J9: =IF(D9="Expense",H9-I9,I9-H9) -> 0 | K9: Paid
A10: =ROW()-6 -> 4 | B10: 46269 | C10: Utilities | D10: Expense | E10: Electricity bill | F10: UPI | G10: xxxxxxxxxxxxxxx | H10: 2500 | I10: 2350 | J10: =IF(D10="Expense",H10-I10,I10-H10) -> 150 | K10: Paid
A11: =ROW()-6 -> 5 | B11: 46272 | C11: Transport | D11: Expense | E11: Fuel and local travel | F11: Cash | G11: Cash | H11: 4000 | I11: 4250 | J11: =IF(D11="Expense",H11-I11,I11-H11) -> -250 | K11: Paid
A12: =ROW()-6 -> 6 | B12: 46275 | C12: Education | D12: Expense | E12: School fees | F12: Bank Transfer | G12: xxxxxxxxxxxxxxx | H12: 6000 | I12: 6000 | J12: =IF(D12="Expense",H12-I12,I12-H12) -> 0 | K12: Paid
A13: =ROW()-6 -> 7 | B13: 46276 | C13: Healthcare | D13: Expense | E13: Medicines and check-up | F13: UPI | G13: xxxxxxxxxxxxxxx | H13: 2000 | I13: 1850 | J13: =IF(D13="Expense",H13-I13,I13-H13) -> 150 | K13: Paid
A14: =ROW()-6 -> 8 | B14: 46280 | C14: Dining & Entertainment | D14: Expense | E14: Family outing | F14: Credit Card | G14: xxxxxxxxxx | H14: 2500 | I14: 2800 | J14: =IF(D14="Expense",H14-I14,I14-H14) -> -300 | K14: Paid
A15: =ROW()-6 -> 9 | B15: 46285 | C15: Insurance | D15: Expense | E15: Monthly insurance provision | F15: Bank Transfer | G15: xxxxxxxxx | H15: 3000 | I15: 3000 | J15: =IF(D15="Expense",H15-I15,I15-H15) -> 0 | K15: Scheduled
A16: =ROW()-6 -> 10 | B16: 46287 | C16: Savings | D16: Expense | E16: Monthly savings allocation | F16: Bank Transfer | G16: xxxxxxxxxx | H16: 10000 | I16: 10000 | J16: =IF(D16="Expense",H16-I16,I16-H16) -> 0 | K16: Transferred
A17: =IF(B17="","",ROW()-6) | J17: =IF(D17="","",IF(D17="Expense",H17-I17,I17-H17))
A18: =IF(B18="","",ROW()-6) | J18: =IF(D18="","",IF(D18="Expense",H18-I18,I18-H18))
A19: =IF(B19="","",ROW()-6) | J19: =IF(D19="","",IF(D19="Expense",H19-I19,I19-H19))
A20: =IF(B20="","",ROW()-6) | J20: =IF(D20="","",IF(D20="Expense",H20-I20,I20-H20))
A21: =IF(B21="","",ROW()-6) | J21: =IF(D21="","",IF(D21="Expense",H21-I21,I21-H21))
A22: =IF(B22="","",ROW()-6) | J22: =IF(D22="","",IF(D22="Expense",H22-I22,I22-H22))
A23: =IF(B23="","",ROW()-6) | J23: =IF(D23="","",IF(D23="Expense",H23-I23,I23-H23))
A24: =IF(B24="","",ROW()-6) | J24: =IF(D24="","",IF(D24="Expense",H24-I24,I24-H24))
A25: =IF(B25="","",ROW()-6) | J25: =IF(D25="","",IF(D25="Expense",H25-I25,I25-H25))
A26: =IF(B26="","",ROW()-6) | J26: =IF(D26="","",IF(D26="Expense",H26-I26,I26-H26))

Sheet Summary
A1: HOUSEHOLD BUDGET SUMMARY
A2: Total Income | B2: =SUMIF(Budget!$D$7:$D$26,"Income",Budget!$I$7:$I$26) -> 60000 | D2: Expense Category | E2: Planned | F2: Actual
A3: Total Planned Expenses | B3: =SUMIF(Budget!$D$7:$D$26,"Expense",Budget!$H$7:$H$26) -> 51000 | D3: Groceries | E3: =SUMIFS(Budget!$H$7:$H$26,Budget!$C$7:$C$26,D3,Budget!$D$7:$D$26,"Expense") -> 9000 | F3: =SUMIFS(Budget!$I$7:$I$26,Budget!$C$7:$C$26,D3,Budget!$D$7:$D$26,"Expense") -> 8750
A4: Total Actual Expenses | B4: =SUMIF(Budget!$D$7:$D$26,"Expense",Budget!$I$7:$I$26) -> 51000 | D4: Rent | E4: =SUMIFS(Budget!$H$7:$H$26,Budget!$C$7:$C$26,D4,Budget!$D$7:$D$26,"Expense") -> 12000 | F4: =SUMIFS(Budget!$I$7:$I$26,Budget!$C$7:$C$26,D4,Budget!$D$7:$D$26,"Expense") -> 12000
A5: Planned Savings | B5: =B3-B4 -> 0 | D5: Utilities | E5: =SUMIFS(Budget!$H$7:$H$26,Budget!$C$7:$C$26,D5,Budget!$D$7:$D$26,"Expense") -> 2500 | F5: =SUMIFS(Budget!$I$7:$I$26,Budget!$C$7:$C$26,D5,Budget!$D$7:$D$26,"Expense") -> 2350
A6: Actual Savings | B6: =B2-B4 -> 9000 | D6: Transport | E6: =SUMIFS(Budget!$H$7:$H$26,Budget!$C$7:$C$26,D6,Budget!$D$7:$D$26,"Expense") -> 4000 | F6: =SUMIFS(Budget!$I$7:$I$26,Budget!$C$7:$C$26,D6,Budget!$D$7:$D$26,"Expense") -> 4250
A7: Expense Variance | B7: =B3-B4 -> 0 | D7: Education | E7: =SUMIFS(Budget!$H$7:$H$26,Budget!$C$7:$C$26,D7,Budget!$D$7:$D$26,"Expense") -> 6000 | F7: =SUMIFS(Budget!$I$7:$I$26,Budget!$C$7:$C$26,D7,Budget!$D$7:$D$26,"Expense") -> 6000
A8: Savings Rate | B8: =IFERROR(B6/B2,0) -> 0.15 | D8: Healthcare | E8: =SUMIFS(Budget!$H$7:$H$26,Budget!$C$7:$C$26,D8,Budget!$D$7:$D$26,"Expense") -> 2000 | F8: =SUMIFS(Budget!$I$7:$I$26,Budget!$C$7:$C$26,D8,Budget!$D$7:$D$26,"Expense") -> 1850
D9: Dining & Entertainment | E9: =SUMIFS(Budget!$H$7:$H$26,Budget!$C$7:$C$26,D9,Budget!$D$7:$D$26,"Expense") -> 2500 | F9: =SUMIFS(Budget!$I$7:$I$26,Budget!$C$7:$C$26,D9,Budget!$D$7:$D$26,"Expense") -> 2800
D10: Insurance | E10: =SUMIFS(Budget!$H$7:$H$26,Budget!$C$7:$C$26,D10,Budget!$D$7:$D$26,"Expense") -> 3000 | F10: =SUMIFS(Budget!$I$7:$I$26,Budget!$C$7:$C$26,D10,Budget!$D$7:$D$26,"Expense") -> 3000
D11: Savings | E11: =SUMIFS(Budget!$H$7:$H$26,Budget!$C$7:$C$26,D11,Budget!$D$7:$D$26,"Expense") -> 10000 | F11: =SUMIFS(Budget!$I$7:$I$26,Budget!$C$7:$C$26,D11,Budget!$D$7:$D$26,"Expense") -> 10000
D12: Shopping | E12: =SUMIFS(Budget!$H$7:$H$26,Budget!$C$7:$C$26,D12,Budget!$D$7:$D$26,"Expense") -> 0 | F12: =SUMIFS(Budget!$I$7:$I$26,Budget!$C$7:$C$26,D12,Budget!$D$7:$D$26,"Expense") -> 0
D13: Home Maintenance | E13: =SUMIFS(Budget!$H$7:$H$26,Budget!$C$7:$C$26,D13,Budget!$D$7:$D$26,"Expense") -> 0 | F13: =SUMIFS(Budget!$I$7:$I$26,Budget!$C$7:$C$26,D13,Budget!$D$7:$D$26,"Expense") -> 0
D14: Personal Care | E14: =SUMIFS(Budget!$H$7:$H$26,Budget!$C$7:$C$26,D14,Budget!$D$7:$D$26,"Expense") -> 0 | F14: =SUMIFS(Budget!$I$7:$I$26,Budget!$C$7:$C$26,D14,Budget!$D$7:$D$26,"Expense") -> 0
D15: Other | E15: =SUMIFS(Budget!$H$7:$H$26,Budget!$C$7:$C$26,D15,Budget!$D$7:$D$26,"Expense") -> 0 | F15: =SUMIFS(Budget!$I$7:$I$26,Budget!$C$7:$C$26,D15,Budget!$D$7:$D$26,"Expense") -> 0
